 Dungeon Crawl Stone Soup version 0.29-a0-834-g1e95ca9f62 (webtiles) character file.

Game seed: 3483744497651194693

3 blackman the Insei (level 1, -2/18 HPs)
             Began as a Human Monk on July 12, 2022.
             Slain by a gnoll
             ... wielding a +0 whip
              (5 damage)
             ... on level 1 of the Dungeon.
             The game lasted 00:00:09 (37 turns).

blackman the Insei (Human Monk)                       Turns: 37, Time: 00:00:10

Health: -2/18      AC:  2    Str: 11    XL:     1   Next: 55%
Magic:  1/1        EV: 13    Int: 10    God:
Gold:   4          SH:  0    Dex: 15    Spells: 0/0 levels left

rFire   . . .      SeeInvis .     - Unarmed
rCold   . . .      Faith    .   (no shield)
rNeg    . . .      Spirit   .   a - +0 robe
rPois   .          Reflect  .   (no helmet)
rElec   .          Harm     .   (no cloak)
rCorr   .          Rampage  .   (no gloves)
Will    .....                   (no boots)
Stlth   ++........              (no amulet)
HPRegen 0.06/turn               (no ring)
MPRegen 0.07/turn               (no ring)

@: no status effects
A: no striking features
a: no special abilities


You were on level 1 of the Dungeon.
You visited 1 branch of the dungeon, and saw 1 of its levels.

You collected 4 gold pieces.

Inventory:

Armour
 a - a +0 robe (worn)
Potions
 b - a potion of ambrosia
 c - a potion of mutation {unknown}


   Skills:
 - Level 3.0 Fighting
 - Level 3.0 Dodging
 - Level 2.0 Stealth
 + Level 3.2 Unarmed Combat


You couldn't memorise any spells.
You didn't know any spells.
Your spell library was empty.

Dungeon Overview and Level Annotations

Branches:
Dungeon (1/15)

Altars:


Message History

You hit the endoplasm.
You kill the endoplasm!
You hit the gnoll.
The gnoll is lightly wounded.
You hit the gnoll.
The gnoll is moderately wounded.
The gnoll misses you.
You hit the gnoll but do no damage.
The gnoll is moderately wounded.
The gnoll closely misses you.
You barely miss the gnoll.
The gnoll is moderately wounded.
The gnoll hits you with a +0 whip.
You barely miss the gnoll.
The gnoll is moderately wounded.
The gnoll hits you with a +0 whip.
You hit the gnoll.
The gnoll is moderately wounded.
The gnoll closely misses you.
You barely miss the gnoll.
The gnoll is moderately wounded.
The gnoll hits you with a +0 whip.
You are too injured to fight recklessly!
You are too injured to fight recklessly!
You are too injured to fight recklessly!
You are too injured to fight recklessly!
You are too injured to fight recklessly!
You are too injured to fight recklessly!
You are too injured to fight recklessly!
You are too injured to fight recklessly!
You are too injured to fight recklessly!
You are too injured to fight recklessly!
You barely miss the gnoll. Your punch misses the gnoll.
The gnoll is moderately wounded.
The gnoll hits you with a +0 whip.
* * * LOW HITPOINT WARNING * * *
You hit the gnoll but do no damage.
The gnoll is moderately wounded.
The gnoll hits you with a +0 whip.
You die...

+.≈.≈≈...≈≈.###
+.≈..≈<≈..≈.+.#
#.≈≈...≈≈.≈.+.#
#..≈≈≈≈≈..≈.#.#
#≈..≈≈≈..≈≈.#.#
#≈≈.....≈≈≈.#.#
##≈≈≈≈≈≈≈≈.8..# #
##########..:######....
#.......@g....#
#.###.######.## ... #..
### #..# .... .....
...... ...


You could see a gnoll.

Vanquished Creatures
  An endoplasm (D:1)
  A hobgoblin (D:1)
  A ball python (D:1)
3 creatures vanquished.

Notes
Turn   | Place    | Note
-------+----------+-------------------------------------------
     0 | D:1      | blackman the Human Monk began the quest for the Orb.
     0 | D:1      | Reached XP level 1. HP: 18/18 MP: 1/1
    37 | D:1      | Slain by a gnoll

Illustrated notes

Levels and vault maps discovered:
D:1:      psy_arrival_whirlpool, layout_loops_ring, minmay_octomino_j4

Action                   || total
-------------------------++-------
Melee: Unarmed           ||    20
Armor: Robe              ||     2
Dodge: Dodged            ||     9

Table legend: (Time is in decaauts)
 A = Elapsed time spent in this place.
 B = Non-inter-level travel time spent in this place.
 C = Inter-level travel time spent in this place.
 D = Time resting spent in this place.
 E = Time spent auto-exploring this place.
 F = Levels seen in this place.
 G = Mean time per level.
                   A        B        C        D        E       F      G
               +--------+--------+--------+--------+--------+-----+--------+
         Total |     36 |     36 |      0 |      0 |     13 |   1 |   36.0 |
       Dungeon |     36 |     36 |      0 |      0 |     13 |   1 |   36.0 |
               +--------+--------+--------+--------+--------+-----+--------+

Top non-repeatable levels by time:
     D:1: 36 daAuts
